 Dungeon Crawl Stone Soup version 0.31.0-9-g3a7656b989 (webtiles) character file.

Game seed: 277804477571079770

111 Gottschkopf the Trooper (level 4, 0/41 HPs)
             Began as a Minotaur Fighter on Jan 28, 2024.
             Slain by an iguana (1 damage)
             ... on level 4 of the Dungeon.
             The game lasted 00:06:08 (3097 turns).

Gottschkopf the Trooper (Minotaur Fighter)          Turns: 3097, Time: 00:06:09

Health: 0/41       AC:  7    Str: 22    XL:     4   Next: 62%
Magic:  3/3        EV:  8    Int:  5    God:
Gold:   172        SH:  8    Dex: 10    Spells: 3/3 levels left

rFire   . . .        a - +0 flail
rCold   . . .        r - +0 kite shield
rNeg    . . .        b - +0 scale mail
rPois   .            (helmet restricted)
rElec   .            (no cloak)
rCorr   .            (no gloves)
SInv    .            (no boots)
Will    .....        (no amulet) Stlth
                     (no ring)
HPRegen 0.26/turn    (no ring)
MPRegen 0.08/turn

%: no passive effects
@: no status effects
A: horns 2, retaliatory headbutt
a: no special abilities


You were on level 4 of the Dungeon.
You visited 1 branch of the dungeon, and saw 4 of its levels.

You collected 200 gold pieces.
You spent 28 gold pieces at shops.

Inventory:

Hand Weapons
 a - a +0 flail (weapon)
Missiles
 p - a throwing net (quivered)
Armour
 b - a +0 scale mail (worn)
 r - a +0 kite shield (worn)
Jewellery
 k - a ring of protection from fire
Wands
 m - a wand of charming (5)
Scrolls
 e - 5 scrolls of teleportation {unknown}
 g - a scroll of immolation {unknown}
 h - 3 scrolls of silence {unknown}
 j - a scroll of enchant armour {unknown}
 l - 2 scrolls of revelation {unknown}
 o - 3 scrolls of fog {unknown}
Potions
 d - a potion of might
 f - a potion of invisibility
 i - 3 potions of brilliance {unknown}
 n - a potion of resistance
 q - a potion of curing {unknown}


   Skills:
 + Level 4.8 Fighting
 - Level 2.4 Maces & Flails
 + Level 4.7 Armour
 + Level 4.7 Shields


You had 3 spell levels left.
You didn't know any spells.
Your spell library contained the following spells:

 Spells                   Type           Power      Damage    Failure   Level
 Dazzling Flash           Conj/Hex       0%         N/A       100%        3
 Ozocubu's Armour         Ice            0%         N/A       100%        3
 Volatile Blastmotes      Fire/Tloc      0%         2d10      100%        3
 Metabolic Englaciation   Hex/Ice        0%         N/A       100%        5
 Sculpt Simulacrum        Ice/Alch       0%         N/A       100%        6
 Starburst                Conj/Fire      0%         6d3       100%        6
 Maxwell's Capacitive Co  Air            0%         ∞         100%        8


Dungeon Overview and Level Annotations

Branches:
Dungeon (4/15)
 Temple: D:4-7

Altars:

Shops:
D:1 ?   D:3 =


Innate Abilities, Weirdness & Mutations

You have a pair of horns on your head.
You reflexively headbutt those who attack you in melee.


Message History

You barely miss the iguana.
You headbutt the iguana, but do no damage.
The iguana is almost dead.
The ribbon worm expels a string of sticky webbing.
The stream of webbing hits you but does no damage.
You are caught in a web!
The iguana bites you but does no damage.
The web tears apart.
You block the ribbon worm's attack.
The iguana bites you but does no damage.
You barely miss the iguana.
The iguana is almost dead.
The iguana bites you but does no damage.
The ribbon worm bites you. The iguana bites you.
You closely miss the iguana.
The iguana is almost dead.
The ribbon worm bites you but does no damage.
You block the iguana's attack.
You hit the iguana but do no damage.
The iguana is almost dead.
The ribbon worm barely misses you. The iguana barely misses you.
You block the ribbon worm's attack.
You barely miss the iguana. Your headbutt misses the iguana.
The iguana is almost dead.
The iguana bites you.
The iguana bites you but does no damage.
The ribbon worm bites you but does no damage.
You hit the iguana but do no damage.
The iguana is almost dead.
The iguana bites you!
* * * LOW HITPOINT WARNING * * *
The ribbon worm expels a string of sticky webbing.
The stream of webbing hits you but does no damage.
You are caught in a web!
The web tears apart.
The iguana bites you!
* * * LOW HITPOINT WARNING * * *
The ribbon worm bites you but does no damage.
You hit the iguana but do no damage.
The iguana is almost dead.
The iguana bites you.
You die...

####..?...# +....#....#
..........# #....##'###
..........# #....#....#
..........##+#....#....#
..................#....#
..................#....#
........|.........##'###
..................'....#
......w@..........#....#
.......l.####.....#....#
.........# #.....#....#
.........# #.[...######
.........# #.........
.........+ #..........
....<....# #..........
.........# #..........
#.....##+##


You could see a ribbon worm and an iguana.

Vanquished Creatures
  3 adders
  A river rat (D:3)
  2 ribbon worms (D:3)
  2 dart slugs
  An orc (D:3)
  7 endoplasms
  4 giant cockroaches
  5 goblins
  3 hobgoblins
  4 jackals (D:1)
  2 quokkas (D:1)
  7 ball pythons
  10 bats
  A frilled lizard (D:1)
  5 kobolds
  7 rats
64 creatures vanquished.

Notes
Turn   | Place    | Note
-------+----------+-------------------------------------------
     0 | D:1      | Gottschkopf the Minotaur Fighter began the quest for the
                  | Orb.
     0 | D:1      | Reached XP level 1. HP: 19/19 MP: 0/0
    79 | D:1      | Found a faded altar of an unknown god.
   165 | D:1      | Reached XP level 2. HP: 20/27 MP: 1/1
   586 | D:1      | Reached XP level 3. HP: 33/33 MP: 2/2
   933 | D:1      | Found Busooga's Magic Scroll Shoppe.
   936 | D:1      | Bought a scroll of identify for 28 gold pieces
  2402 | D:3      | Reached XP level 4. HP: 41/41 MP: 3/3
  2741 | D:3      | Found Poir's Jewellery Boutique.
  3096 | D:4      | HP: 1/41 [iguana (11)]
  3097 | D:4      | Slain by an iguana

Illustrated notes

Levels and vault maps discovered:
D:1:      noname_arrival_rooms_in_the_neighbourhood, layout_basic,
          shapermc_ecumenical_altar_ellora, serial_shops, nicolae_shop_rolled_up
D:2:      layout_basic, corexii_leaking_fountain
D:3:      layout_rooms, serial_shops, nicolae_lakefront_shop,
          portal_sewer_entry_e, minmay_misc_feat_four_crosses,
          small_statue_intersection
D:4:      layout_gridville

Skill      XL: |  1  2 |
---------------+-------+-----
Fighting       | 4 |  4.8
Armour         | 4 |  4.7
Shields        | 4 |  4.7
Maces & Flails | |  2.4

Action                     |  1- 3 |  4- 6 || total
---------------------------+-------+-------++-------
  Melee: Flail             |   109 |    40 ||   149
         Headbutt          |    14 |     5 ||    19
    Use: Scroll            |     1 |     1 ||     2
 Armour: Scale mail        |   102 |    53 ||   155
  Dodge: Dodged            |    53 |    20 ||    73
  Block: Buckler           |    21 |     3 ||    24
         Kite shield       |       |     7 ||     7
